 Dungeon Sprint DCSS version 0.30-a0-222-ge547ba4400 (webtiles) character file.

Game seed: 2980388176783412948

10 rocky1 the Poker (level 2, -2/23 HPs)
             Began as a Demonspawn Gladiator on Oct 9, 2022.
             Was an Initiate of Qazlal.
             Slain by a water moccasin (3 damage)
             ... in the Dungeon (Sprint II: "The Violet Keep of Menkaure").
             The game lasted 00:00:58 (220 turns).

rocky1 the Poker (Demonspawn Gladiator)              Turns: 220, Time: 00:00:59

Health: -2/23      AC:  3    Str: 14    XL:     2   Next: 10%
Magic:  2/2        EV: 12    Int:  9    God:    Qazlal [......]
Gold:   243        SH:  0    Dex: 14    Spells: 1/1 levels left

rFire   . . .      SeeInvis .    a - +0 trident
rCold   . . .      Faith    .    (no shield)
rNeg    . . .      Spirit   .    b - +0 leather armour
rPois   .          Reflect  .    (helmet restricted)
rElec   .          Harm     .    (no cloak)
rCorr   .          Rampage  .    (no gloves)
Will    .....      NoTele   +    (no boots)
Stlth   +.........               (no amulet)
HPRegen 0.23/turn                (no ring)
MPRegen 0.08/turn                (no ring)

@: lethally poisoned (-2 -> -3)
A: horns 1
a: Renounce Religion


You were in the Dungeon.
You worshipped Qazlal.
Qazlal was noncommittal.
You visited 1 branch You collected 243 gold pieces.

Inventory:

Hand Weapons
 a - a +0 trident (weapon)
Missiles
 d - 3 throwing nets (quivered)
 e - a javelin
Armour
 b - a +0 leather armour (worn)
 c - a +0 helmet
Scrolls
 k - a scroll of blinking
Potions
 h - a potion of haste
 i - 2 potions of magic
 j - a potion of berserk rage


   Skills:
 + Level 2.7 Fighting
 * Level 3.6 Polearms
 - Level 1.7 Throwing
 + Level 1.4 Armour
 + Level 3.2 Dodging
 + Level 0.0 Invocations


You had one spell level left.
You didn't know any spells.
Your spell library was empty.

Dungeon Overview and Level Annotations

Branches:
Dungeon (1/1)

Altars:
Cheibriados
Dithmenos
Fedhas
Gozag
Hepliaklqana
Kikubaaqudgha
Makhleb
Nemelex Xobeh
Okawaru
Qazlal
Ru
Sif Muna
Trog
Uskayaw
Vehumet
Wu Jian
Xom
Yredelemnul
Jiyva
Lugonu


Innate Abilities, Weirdness & Mutations

You have a pair of small horns on your head.


Message History

You hit the water moccasin but do no damage.
The water moccasin barely misses you.
You hit the water moccasin.
Your headbutt misses the water moccasin.
The water moccasin is lightly wounded.
The water moccasin bites you.
* * * LOW HITPOINT WARNING * * *
The water moccasin closely misses you.
You barely miss the water moccasin. You headbutt the water moccasin.
The water moccasin is moderately wounded.
The water moccasin bites you.
* * * LOW HITPOINT WARNING * * *
You feel much better. The water moccasin closely misses you.
The water moccasin bites you.
You are poisoned.
The water moccasin poisons you!
You hit the water moccasin.
The water moccasin is heavily wounded.
You feel very sick. The water moccasin bites you.
You hit the water moccasin.
The water moccasin is heavily wounded.
You feel sick.
The water moccasin barely misses you. x2
You closely miss the water moccasin.
Your headbutt misses the water moccasin.
The water moccasin is heavily wounded.
You feel sick. The water moccasin bites you.
* * * LOW HITPOINT WARNING * * *
The water moccasin closely misses you.
You miss the water moccasin.
The water moccasin is heavily wounded.
* * * LOW HITPOINT WARNING * * *
You feel sick. The water moccasin bites you.
* * * LOW HITPOINT WARNING * * *
You barely miss the water moccasin.
Your headbutt misses the water moccasin.
The water moccasin is heavily wounded.
* * * LOW HITPOINT WARNING * * *
You feel sick. The water moccasin bites you.
You die...

...# ...# ###..## #..#
#▓!??))))$ #+###.##..# +..#
#▓)(!$!$?$ #.##...#..# #..#
#▓??(!??$?
.<.†##.'..####..####▓?($$?[((
#.##.###....###...##▓▓▓▓▓▓▓+▓
#+# #.##......~~~~~~~~~~~~~..
##~~.....~#S########+###
#~~~~~~~..§#@_._._..#S~~#
#§~§~~~~~.~#.._._._.#S§≈≈
#~~~≈≈≈§~~§~#._._._._#§§~~
~~~~§§§≈≈~~~#_._._._.#~§§≈
++#~≈≈≈≈≈§≈~#._._._..#§~~~
≈§§###§≈#_._._...#§~~~
#≈≈#._._....#~~≈≈
#≈≈#_._.....#~≈≈§
§§≈##########§§§≈


You could see a water moccasin.

Vanquished Creatures
  3 worms (D)
3 creatures vanquished.

Notes
Turn   | Place    | Note
-------+----------+-------------------------------------------
     0 | D        | rocky1 the Demonspawn Gladiator began the quest for the
                  | Orb.
     0 | D        | Reached XP level 1. HP: 16/16 MP: 1/1
    15 | D        | Reached skill level 1 in Armour
    19 | D        | Gained mutation: You have a pair of small horns on your
                  | head. [demonic ancestry]
    19 | D        | Reached XP level 2. HP: 9/23 MP: 2/2
   187 | D        | Found a basalt altar of Yredelemnul.
   187 | D        | Found a hide-covered altar of Uskayaw.
   188 | D        | Found a shimmering altar of Xom.
   188 | D        | Found a bloodstained altar of Trog.
   189 | D        | Found an ornate altar of the Wu Jian Council.
   189 | D        | Found a shimmering blue altar of Sif Muna.
   189 | D        | Found a corrupted altar of Lugonu.
   189 | D        | Found a radiant altar of Vehumet.
   189 | D        | Found a burning altar of Makhleb.
   190 | D        | Found a sacrificial altar of Ru.
   190 | D        | Found an ancient bone altar of Kikubaaqudgha.
   191 | D        | Found a stormy altar of Qazlal.
   191 | D        | Found a viscous altar of Jiyva.
   191 | D        | Found a shadowy altar of Dithmenos.
   192 | D        | Found a hazy altar of Hepliaklqana.
   192 | D        | Found a snail-covered altar of Cheibriados.
   194 | D        | Found a sparkling altar of Nemelex Xobeh.
   194 | D        | Found a blossoming altar of Fedhas.
   195 | D        | Found an iron altar of Okawaru.
   195 | D        | Found an opulent altar of Gozag.
   198 | D        | Noticed a water moccasin
   198 | D        | Noticed a water moccasin
   202 | D        | Became a worshipper of Qazlal Stormbringer
   205 | D        | Noticed a water moccasin
   214 | D        | HP: 1/23 [water moccasin (5)]
   220 | D        | HP: 1/23 [poisoned by a water moccasin]
   220 | D        | Slain by a water moccasin

Illustrated notes

Levels and vault maps discovered:
D:        the_violet_keep_of_menkaure [sprint2_stairs_cluster_1,
          sprint2_shoproom, sprint2_temple, sprint2_basic_supplies,
          sprint2_obstacle_2, sprint2_obstacle_3, sprint2_obstacle_5,
          sprint2_obstacle_1, sprint2_obstacle_4, sprint2_timed_cluster_1,
          sprint2_smallroom_cluster_1, sprint2_smallroom_final_cluster_1,
          sprint2_transparent_cluster_1, sprint2_second_timed_cluster_1,
          sprint2_sniper_area_1, sprint2_heavy_combat_area_1,
          sprint2_mutation_trap_area_1, sprint2_forest_area_1,
          sprint2_light_combat_area_1, sprint2_behind_water_1,
          sprint2_near_end_vault_1]

Skill      XL: |  1 |
---------------+----+-----
Polearms       | 3 |  3.6
Armour         | 1 |  1.4
Dodging        | 3 |  3.2
Fighting       | |  2.7
Throwing       | |  1.7

Action                   || total
-------------------------++-------
Melee: Trident           ||    24
       Headbutt          ||     1
  Use: Potion            ||     2
Dodge: Dodged            ||    12

Table legend: (Time is in decaauts)
 A = Elapsed time spent in this place.
 B = Non-inter-level travel time spent in this place.
 C = Inter-level travel time spent in this place.
 D = Time resting spent in this place.
 E = Time spent auto-exploring this place.
 F = Levels seen in this place.
 G = Mean time per level.
                   A        B        C        D        E       F      G
               +--------+--------+--------+--------+--------+-----+--------+
         Total |    224 |    224 |      0 |    158 |      0 |   1 |  224.0 |
       Dungeon |    224 |    224 |      0 |    158 |      0 |   1 |  224.0 |
               +--------+--------+--------+--------+--------+-----+--------+

Top non-repeatable levels by time:
       D: 224 daAuts
